 Dungeon Crawl Stone Soup version 0.17.1-3-g152610e (webtiles) character file.

31 Gargoyl the Skirmisher (level 3, -1/29 HPs)
             Began as a Demonspawn Abyssal Knight on Mar 18, 2016.
             Was a Follower of Lugonu.
             Slain by Terence
             ... wielding a +0 trident of distortion
              (6 damage)
             ... on level 2 of the Dungeon.
             The game lasted 00:04:33 (1318 turns).

Gargoyl the Skirmisher (Demonspawn Abyssal Knight)  Turns: 1318, Time: 00:04:34

Health: -1/29      AC:  8    Str: 13    XL:     3   Next: 7%
Magic:  5/5        EV:  6    Int: 13    God:    Lugonu [*.....]
Gold:   61         SH:  0    Dex: 12    Spells: 0 memorised, 2 levels left

rFire  . . .     SeeInvis .     a - +1 hand axe
rCold  . . .     Clarity  .     f - +0 chain mail (curse)
rNeg   . . .     SustAt   .     (no shield)
rPois  +         Gourm    .     (no helmet)
rElec  .         Spirit   .     (no cloak)
rCorr  .         Warding  .     (no gloves)
rMut   .         Stasis   .     (no boots)
MR     .....                    e - amulet of faith
Stlth  ..........               (no ring)
                                b - ring of poison resistance

@: not resistant to hostile enchantments, extremely unstealthy
A: powered by pain 1
a: Depart the Abyss, Renounce Religion


You were on level 2 of the Dungeon.
You worshipped Lugonu.
Lugonu was aware of your devotion.
You were very hungry.

You visited 1 branch of the dungeon, and saw 2 of its levels.
You visited the Abyss 1 time.

You collected 61 gold pieces.

Inventory:

Hand Weapons
 a - a +1 hand axe (weapon)
Armour
 f - a cursed +0 chain mail (worn)
Jewellery
 b - a ring of poison resistance (left hand)
 e - an amulet of faith (around neck)
Potions
 d - a potion of mutation {unknown}
 g - a potion of might {unknown}
 i - a potion of haste {unknown}
 j - 2 potions of agility {unknown}
Comestibles
 c - 2 bread rations
 h - a meat ration


   Skills:
 + Level 3.4 Fighting
 + Level 2.0 Axes
 * Level 2.1 Armour
 + Level 1.1 Dodging
 + Level 2.9 Invocations


You had 2 spell levels left.
You didn't know any spells.

Dungeon Overview and Level Annotations

Branches:
Dungeon (2/15)

Altars:

Annotations:
D:2 Terence


Innate Abilities, Weirdness & Mutations

You sometimes gain a little power by taking damage.


Message History

You hit Terence but do no damage. Terence hits you but does no damage.
You blink.
A goblin comes into view.
The goblin shouts!
The goblin barely misses you.
You barely miss the goblin. The goblin hits you.
You miss the goblin. The goblin hits you but does no damage.
You closely miss the goblin. The goblin hits you but does no damage.
Terence hits you from afar with a trident of distortion.
Space bends around you.
You barely miss the goblin. The goblin closely misses you.
Terence hits you from afar with a trident of distortion.
Space bends around you.
* * * LOW HITPOINT WARNING * * *
The goblin closely misses you.
You closely miss the goblin.
Terence hits you from afar with a trident of distortion.
* * * LOW HITPOINT WARNING * * *
Space bends around you.
You die...

#................#..#..
######..............#.# ###+
#....'.........###.##!####...
###.##.........# #...........
#.##.........# #...........
#@##.#####.#.###.....รท.....
#.##.# #.......##'####...
#.##.#######@######.# #...
#.##.....g@..# #@# #...
#.############ #.# #...
#.#################.# ####
#...@...............#
#####################


You could see Terence and a goblin.

Vanquished Creatures
  An adder (D:2)
  A worm (D:2)
  2 giant geckos (D:2)
  2 goblins (D:1)
  2 hobgoblins (D:1)
  2 kobolds (D:2)
  2 ball pythons (D:2)
  3 bats
  A giant newt (D:2)
  2 rats (D:1)
18 creatures vanquished.

Notes
Turn   | Place    | Note
--------------------------------------------------------------
     0 | Abyss:1  | Gargoyl the Demonspawn Abyssal Knight began the quest for the Orb.
     0 | Abyss:1  | Reached XP level 1. HP: 18/18 MP: 2/2
    74 | Abyss:1  | Noticed a rakshasa
    78 | Abyss:1  | Noticed a tentacled starspawn
    78 | D:1      | Escaped the Abyss
   417 | D:1      | Reached skill level 1 in Dodging
   455 | D:1      | Reached * piety under Lugonu
   666 | D:1      | Gained mutation: You sometimes gain a little power by taking damage. [demonic ancestry]
   666 | D:1      | Reached XP level 2. HP: 24/24 MP: 3/3
   986 | D:2      | Noticed Terence
  1002 | D:2      | Reached XP level 3. HP: 2/29 MP: 3/5
  1318 | D:2      | Slain by Terence

Action                   || total
-------------------------++-------
Melee: Hand axe          ||    67
Invok: Depart the Abyss  ||     1
